 Dungeon Crawl Stone Soup version 0.23-a0-639-ga9a3373 (webtiles) character file.

331 Lavandula the Cutter (level 6, 0/36 HPs)
             Began as a Halfling Enchanter on Dec 29, 2018.
             Was an Initiate of Ashenzari.
             Slain by Pikel
             ... wielding a +1 whip of flaming
              (3 damage)
             ... on level 5 of the Dungeon.
             The game lasted 00:11:25 (2339 turns).

Lavandula the Cutter (Halfling Enchanter)           Turns: 2339, Time: 00:11:26

Health: 0/36       AC:  2    Str: 14    XL:     6   Next: 82%
Magic:  1/9        EV: 15    Int: 15    God:    Ashenzari [......]
Gold:   181        SH:  0    Dex: 15    Spells: 0/9 levels left

rFire    . . .     SeeInvis .   a - +1 dagger
rCold    . . .     Gourm    .   (shield restricted)
rNeg     . . .     Faith    .   b - +0 robe
rPois    .         Spirit   .   (no helmet)
rElec    .         Reflect  .   (no cloak)
rCorr    .         Harm     .   (no gloves)
MR       .....                  (no boots)
Stlth    ++........             (no amulet)
HPRegen  0.12/turn              v - +5 ring of strength (curse)
MPRegen  0.11/turn              (no ring)

@: very slightly contaminated
A: small, mutation resistance 1
a: Curse Item, Renounce Religion


You were on level 5 of the Dungeon.
You worshipped Ashenzari.
Ashenzari was noncommittal.
You were not hungry.

You visited 2 branches of the dungeon, and saw 7 of its levels.

You collected 181 gold pieces.

Inventory:

Hand Weapons
 a - a +1 dagger (weapon)
 o - a +0 hunting sling
 r - a +0 giant club
Missiles
 l - 3 tomahawks (quivered)
Armour
 b - a +0 robe (worn)
Jewellery
 v - a cursed +5 ring of strength (left hand)
Wands
 t - a wand of random effects (14)
Scrolls
 e - a scroll of enchant armour
 f - a scroll of amnesia {unknown}
 k - 2 scrolls of enchant weapon {unknown}
 m - 3 scrolls of teleportation {unknown}
 n - a scroll of immolation {unknown}
 q - 2 scrolls of fog
Potions
 c - a potion of might
 i - 2 potions of curing {unknown}
 j - 3 potions of lignification
 p - 2 potions of flight {unknown}
 s - a potion of berserk rage
 u - a potion of brilliance {unknown}
Comestibles
 d - 4 rations
 g - 2 chunks of flesh


   Skills:
 - Level 7.2 Short Blades
 - Level 2.1 Dodging
 - Level 3.2 Stealth
 - Level 2.0 Spellcasting
 + Level 2.7 Hexes


You couldn't memorise any spells.
You knew the following spells:

 Your Spells              Type           Power        Failure   Level  Hunger
a - Corona                Hex            #......      7%          1    #......
b - Ensorcelled Hibernat  Hex/Ice        #.....       19%         2    ###....
c - Confuse               Hex            #.......     22%         3    ###....
d - Dazzling Spray        Conj/Hex       #.....       36%         3    ###....

Your spell library contained the following spells:

 Spells                   Type           Power        Failure   Level  Hunger
 Tukima's Dance           Hex            #.......     22%         3    ###....


Dungeon Overview and Level Annotations

Branches:
Dungeon (6/15)             Temple (1/1) D:4

Altars:
Ashenzari
Cheibriados
Dithmenos
Elyvilon
Fedhas
Gozag
Hepliaklqana
Kikubaaqudgha
Makhleb
Nemelex Xobeh
Okawaru
Qazlal
Ru
Sif Muna
Uskayaw
Vehumet
Wu Jian
Xom
Yredelemnul
Zin
The Shining One

Annotations:
D:5 Pikel


Innate Abilities, Weirdness & Mutations

You are small and have problems with some larger weapons.
You are somewhat resistant to further mutation.


Message History

Nothing appears to happen.
Unknown command.
Casting: Dazzling Spray (slightly dangerous; 36% risk of failure)
Confirm with . or Enter, or press ? or * to list all spells.
Aiming: Dazzling Spray (slightly dangerous; 36% risk of failure)
Press: ? - help, Shift-Dir - straight line, f/p - Pikel
Aim: Pikel, wielding a +1 whip of flaming, wearing a +0 robe and carrying a You miscast Dazzling Spray.
Strange energies run through your body.
Pikel hits you with a +1 whip of flaming!
Pikel burns you.
Evoke which item? (* to show all) (? for menu, Esc to quit)
Okay, then.
Pikel hits you with a +1 whip of flaming!
Pikel burns you.
As you read the scroll of fear, it crumbles to dust.
You assume a fearsome visage.
The slave looks frightened! x2
Pikel hits you with a +1 whip of flaming!
* * * LOW HITPOINT WARNING * * *
Pikel burns you.
You die...

.. ## # .# ..# ##.
p## #.###.. Z.
#.#..# p# ..
#.###.#.##.##....
..$.....p.....#
###...K........ ..#
###@##.##..## ..#
#.# .# ... .. #.# ..
. .. #.# .## .# #.#
.## . <#
#.##.##..###.#
.######..........<.#
...............#####
.......>...###.


You could see Pikel (berserk) and 2 slaves.

Vanquished Creatures
  A slave (D:5)
  An ogre (D:5)
  A crimson imp (D:6)
  A centaur zombie (D:4)
  An orc wizard (D:3)
  An iguana (D:4)
  A worker ant (D:5)
  7 adders
  A dart slug (D:4)
  A leopard gecko (D:2)
  3 orcs
  2 bats
  A giant cockroach (D:1)
  3 hobgoblins (D:2)
  7 kobolds
  2 quokkas
  2 frilled lizards
  5 goblins
  5 rats
46 creatures vanquished.

Notes
Turn   | Place    | Note
-------+----------+-------------------------------------------
     0 | D:1      | Lavandula the Halfling Enchanter began the quest for the
                  | Orb.
     0 | D:1      | Reached XP level 1. HP: 11/11 MP: 3/3
    57 | D:2      | Reached skill level 2 in Short Blades
    57 | D:2      | Reached XP level 2. HP: 17/17 MP: 4/4
   123 | D:2      | Reached skill level 3 in Short Blades
   241 | D:2      | Learned a level 2 spell: Ensorcelled Hibernation
   279 | D:1      | Reached XP level 3. HP: 14/21 MP: 5/5
   934 | D:3      | Reached skill level 4 in Short Blades
   934 | D:3      | Reached XP level 4. HP: 27/27 MP: 3/6
  1024 | D:2      | Reached skill level 5 in Short Blades
  1246 | D:3      | Reached XP level 5. HP: 29/31 MP: 0/7
  1335 | D:4      | Found a staircase to the Ecumenical Temple.
  1372 | Temple   | Entered the Ecumenical Temple
  1488 | Temple   | Became a worshipper of Ashenzari the Shackled
  1622 | D:4      | Learned a level 3 spell: Confuse
  1695 | D:4      | Reached skill level 6 in Short Blades
  1939 | D:5      | Entered Level 5 of the Dungeon
  1950 | D:5      | Noticed an ogre
  1953 | D:5      | Killed an ogre
  1953 | D:5      | Reached skill level 7 in Short Blades
  1953 | D:5      | Reached XP level 6. HP: 36/36 MP: 4/8
  2240 | D:6      | Learned a level 3 spell: Dazzling Spray
  2329 | D:5      | Noticed a slave
  2332 | D:5      | Noticed Pikel
  2333 | D:5      | Killed a slave
  2334 | D:5      | Noticed a slave
  2334 | D:5      | Noticed a slave
  2334 | D:5      | Noticed a slave
  2339 | D:5      | Slain by Pikel

Vault maps used:
D:1:      lemuel_arrival_funnel
D:2:      minmay_cupped
D:4:      minmay_temple_entry_drinking_statues, first_ration
D:5:      hangedman_decor_lopped, uniq_ijyb, uniq_pikel, uniq_edmund,
          uniq_eustachio, uniq_blork_the_orc
D:6:      nicolae_overflow_crystal_walls, serial_shops, nicolae_shop_trees,
          glass_columns_c, uniq_grinder
Temple:   regret_index_temple_sigil_plot

Skill      XL: |  1  2  3  4  5  6 |
---------------+-------------------+-----
Short Blades   | 2 3 4 5 7 |  7.2
Spellcasting   | 2 |  2.0
Dodging        | |  2.1
Stealth        | |  3.2
Hexes          | |  2.7

Action                   |  1- 3 |  4- 6 || total
-------------------------+-------+-------++-------
Melee: Dagger            |    78 |   147 ||   225
 Cast: Corona            |     8 |     4 ||    12
       Ensorcelled Hiber |     5 |    20 ||    25
Invok: Curse Item        |       |     1 ||     1
Evoke: Wand              |       |     3 ||     3
  Use: Scroll            |       |     7 ||     7
 Stab: Sleeping          |     8 |    15 ||    23
  Eat: Chunk             |       |     8 ||     8
Armor: Robe              |    11 |    13 ||    24
Dodge: Dodged            |    60 |    73 ||   133

Table legend:
 A = Non-vault XP
 B = Vault XP
 C = Vault XP percentage of total XP
 D = Non-vault monster count
 E = Vault monster count
 F = Vault count percentage of total count
                 A         B        C        D         E       F
            +---------+---------+-------+---------+---------+-------
      Total |     468 |       6 |   1.3 |      41 |       4 |   8.9
            +---------+---------+-------+---------+---------+-------
        D:1 |      12 |       0 |   0.0 |       7 |       0 |   0.0
        D:2 |      47 |       6 |  11.3 |      14 |       4 |  22.2
        D:3 |      90 |       0 |   0.0 |      10 |       0 |   0.0
        D:4 |      89 |       0 |   0.0 |       4 |       0 |   0.0
        D:5 |     165 |       0 |   0.0 |       3 |       0 |   0.0
        D:6 |      65 |       0 |   0.0 |       3 |       0 |   0.0
            +---------+---------+-------+---------+---------+-------
